 Dungeon Crawl Stone Soup version 0.32-a0-593-g85ff8e36a1 (webtiles) character file.

Game seed: 8014166033387183521

18 Implojin the Sneak (level 2, 0/22 HPs)
             Began as a Coglin Brigand on Mar 2, 2024.
             Slain by a ball python (1 damage)
             ... on level 1 of the Dungeon.
             The game lasted 00:00:57 (312 turns).

Implojin the Sneak (Coglin Brigand)                  Turns: 312, Time: 00:00:58

Health: 0/22       AC:  3    Str: 11    XL:     2   Next: 70%
Magic:  2/2        EV:  1    Int: 10    God:
Gold:   0          SH:  0    Dex: 15    Spells: 1/1 levels left

rFire   . . .        a - +2 dagger {Karl}
rCold   . . .        f - +0 dagger {Arammadara}
rNeg    . . .        b - +0 robe
rPois   .            (no helmet)
rElec   .            c - +0 cloak
rCorr   .            (no gloves)
SInv    .            (no boots)
Will    .....        (amulet unavailable)
Stlth   ++           (ring unavailable)
HPRegen 0.23/turn    (ring unavailable)
MPRegen 0.08/turn    (no gizmo)

%: no passive effects
@: constricted, revving
A: off-hand wielding, slow wielding, warmup strikes, no jewellery
a: Invent Gizmo


You were on level 1 of the Dungeon.
You visited 1 branch of the dungeon, and saw 1 of its levels.

Inventory:

Hand Weapons
 a - a +2 dagger (weapon) {Karl}
 f - a +0 dagger (offhand) {Arammadara}
Missiles
 d - 12 poisoned darts (quivered)
 e - 3 curare-tipped darts
 g - 8 stones
Armour
 b - a +0 robe (worn)
 c - a +0 cloak (worn)
Scrolls
 i - a scroll of immolation {unknown}
 j - a scroll of enchant weapon {unknown}
Potions
 h - a potion of haste {unknown}


   Skills:
 - Level 2.0 Fighting
 * Level 2.9 Short Blades
 - Level 1.7 Throwing
 - Level 0.8 Dodging
 - Level 3.2 Stealth


You had one spell level left.
You didn't know any spells.
Your spell library was empty.

Dungeon Overview and Level Annotations

Branches:
Dungeon (1/15)

Altars:


Innate Abilities, Weirdness & Mutations

You can wield a second weapon in your off-hand.
It takes a long time for you to wield or remove held weapons.
Your first few attacks do less damage.
You cannot equip rings or amulets.


Message History

You kill the dart slug!
A ball python comes into view.
A ball python is nearby!
A ball python is nearby!
A hobgoblin comes into view.
The hobgoblin hits you. The hobgoblin hits you.
The ball python hisses angrily.
You hit the hobgoblin with your +2 dagger.
The hobgoblin is heavily wounded.
You barely miss the hobgoblin with your +0 dagger.
The ball python bites you. The ball python grabs you.
The ball python constricts you.
You closely miss the hobgoblin with your +0 dagger.
The hobgoblin is heavily wounded.
You closely miss the hobgoblin with your +2 dagger.
The hobgoblin hits you but does no damage.
The ball python bites you. The ball python constricts you.
Danger: Low HP Warning |T2| Reason: 54% HP (12/22)
You hit the hobgoblin but do no damage.
The hobgoblin is heavily wounded.
You hit the hobgoblin but do no damage.
The hobgoblin hits you but does no damage.
The ball python bites you. The ball python constricts you.
Danger: Low HP Warning |T3| Reason: 40% HP (9/22)
You hit the hobgoblin with your +0 dagger.
The hobgoblin is almost dead.
You hit the hobgoblin but do no damage.
The ball python bites you but does no damage.
The ball python constricts you.
The hobgoblin hits you but does no damage.
Unknown command.
The ball python's grasp on you weakens, but your attempt to escape fails.
The ball python bites you. The ball python constricts you.
The hobgoblin hits you but does no damage.
Danger: Low HP Warning |T3| Reason: 27% HP (6/22)
The ball python's grasp on you weakens, but your attempt to escape fails.
The ball python bites you. The ball python constricts you.
The hobgoblin hits you. The ball python bites you.
You die...

############
####..........# ###
###.............. ....
#...#..#.....#.# .....
##...#..#.....#†##.....
#...###.##g@.##.#......
##...#.#..#..S#.........
#...##.##.##.##...#.....
#...#...#..#)#....# ....
#..##...##.###....# ...
#..#.....#..#.....# ..
#..#.....#..#.....# #
#.................# #
#.#######..#...#..# #


You could see a hobgoblin and a ball python.

Vanquished Creatures
  A dart slug (D:1)
  2 endoplasms (D:1)
  2 goblins (D:1)
  A hobgoblin (D:1)
  A kobold (D:1)
  2 quokkas (D:1)
  A bat (D:1)
  3 frilled lizards (D:1)
  3 rats (D:1)
16 creatures vanquished.

Notes
Turn   | Place    | Note
-------+----------+-------------------------------------------
     0 | D:1      | Implojin the Coglin Brigand began the quest for the Orb.
     0 | D:1      | Reached XP level 1. HP: 16/16 MP: 1/1
    61 | D:1      | Reached XP level 2. HP: 20/22 MP: 2/2
   312 | D:1      | HP: 1/22 [hobgoblin (3)]
   312 | D:1      | Slain by a ball python

Illustrated notes

Levels and vault maps discovered:
D:1:      tekkud_arrival_beachfront_property, layout_basic, minmay_unequal

Skill      XL: |  1 |
---------------+----+-----
Short Blades   | 2 |  2.9
Fighting       | |  2.0
Throwing       | |  1.7
Dodging        | |  0.8
Stealth        | |  3.2

Action                     || total
---------------------------++-------
  Melee: Dagger            ||    47
   Stab: Sleeping          ||     8
 Armour: Robe              ||    26
  Dodge: Dodged            ||     8

Table legend: (Time is in decaauts)
 A = Elapsed time spent in this place.
 B = Non-inter-level travel time spent in this place.
 C = Inter-level travel time spent in this place.
 D = Time resting spent in this place.
 E = Time spent auto-exploring this place.
 F = Levels seen in this place.
 G = Mean time per level.
                   A        B        C        D        E       F      G
               +--------+--------+--------+--------+--------+-----+--------+
         Total |    308 |    308 |      0 |      0 |    180 |   1 |  308.0 |
       Dungeon |    308 |    308 |      0 |      0 |    180 |   1 |  308.0 |
               +--------+--------+--------+--------+--------+-----+--------+

Top non-repeatable levels by time:
     D:1: 308 daAuts
